 Dungeon Crawl Stone Soup version 0.29-a0-222-g5b244fca1f (webtiles) character file.

Game seed: 1402659594211985975

111 ReploidZero the Skirmisher (level 4, 0/24 HPs)
             Began as a Vine Stalker Fighter on Feb 27, 2022.
             Slain by an orc wizard
             ... wielding a +2 dagger of speed
              (2 damage)
             ... on level 3 of the Dungeon.
             The game lasted 00:05:03 (1905 turns).

ReploidZero the Skirmisher (Vine Stalker Fighter)   Turns: 1905, Time: 00:05:04

Health: 0/24       AC:  6    Str: 26    XL:     4   Next: 92%
Magic:  0/5        EV:  9    Int:  8    God:
Gold:   141        SH:  5    Dex: 14    Spells: 3/3 levels left

rFire   . . .      SeeInvis .   a - +0 flail
rCold   . . .      Faith    .   c - +0 buckler
rNeg    . . .      Spirit   +   b - +0 scale mail
rPois   .          Reflect  .   (no helmet)
rElec   .          Harm     .   (no cloak)
rCorr   .          Rampage  .   (no gloves)
Will    .....                   (no boots)
Stlth   ..........              (no amulet)
HPRegen 0.88/turn               f - +6 ring of strength
MPRegen 0.09/turn               (no ring)

@: mighty
A: fangs 2, regeneration 1, magic shield, antimagic bite, no potion heal 2
a: no special abilities


You were on level 3 of the Dungeon.
You visited 1 branch of the dungeon, and saw 3 of its levels.

You collected 141 gold pieces.

Inventory:

Hand Weapons
 a - a +0 flail (weapon)
Missiles
 n - 4 silver javelins (quivered)
Armour
 b - a +0 scale mail (worn)
 c - a +0 buckler (worn)
 h - a scarf of shadows
Jewellery
 f - a +6 ring of strength (left hand)
Scrolls
 e - 2 scrolls of identify {unknown}
 i - a scroll of teleportation {unknown}
 l - a scroll of vulnerability {unknown}
Potions
 d - a potion of might
 g - a potion of lignification {unknown}
 j - a potion of berserk rage {unknown}
 k - a potion of curing {unknown}
 m - a potion of mutation {unknown}


   Skills:
 + Level 3.3 Fighting
 + Level 2.6 Maces & Flails
 + Level 3.1 Armour
 + Level 3.3 Shields


You had 3 spell levels left.
You didn't know any spells.
Your spell library contained the following spells:

 Spells                   Type           Power      Damage    Failure   Level
 Inner Flame              Hex/Fire       0%         N/A       98%         3
 Cause Fear               Hex            0%         N/A       100%        4
 Discord                  Hex            0%         N/A       100%        8


Dungeon Overview and Level Annotations

Branches:
Dungeon (3/15)

Altars:

Shops:
D:1 *


Innate Abilities, Weirdness & Mutations

You have extremely sharp teeth.
Your natural rate of healing is unusually fast.
When hurt, damage is shared between your health and your magic reserves.
Your bite disrupts and absorbs the magic of your enemies.
Potions cannot restore your health.


Message History

Something hits you.
The orc wizard shouts!
You closely miss the orc. You bite the orc. You drain its power.
You feel invigorated.
The orc is moderately wounded.
You hear a shout!
Something hits you.
The orc wizard casts a spell.
The orc wizard flickers and vanishes!
The orc barely misses you. Something hits you. x2
You barely miss the orc. Your bite misses the orc.
The orc is moderately wounded.
Something hits you but does no damage. You block the orc's attack.
Something hits you but does no damage.
You hear some strange, mumbled words.
A magic dart appears from out of thin air!
The magic dart hits you!
* * * LOW HITPOINT WARNING * * *
The orc barely misses you. Something hits you.
* * * LOW HITPOINT WARNING * * *
You barely miss the orc. You bite the orc.
You kill the orc!
You hear some strange, mumbled words.
A puff of flame appears from out of thin air!
The puff of flame hits you.
* * * LOW HITPOINT WARNING * * *
You hear some strange, mumbled words.
A magic dart appears from out of thin air!
The magic dart hits you.
* * * LOW HITPOINT WARNING * * *
You barely miss something. Your bite misses something.
Something completely misses you. Something hits you but does no damage.
Something hits you.
* * * LOW HITPOINT WARNING * * *
Unknown command.
You barely miss something.
You hear some strange, mumbled words.
Something tries to affect you, but you resist.
Something hits you.
You die...

#.........## #..###.##...
####''##### .# ###
#........# # ..# #........#
#### #.###...≈≈≈..# ....
#.#h'..≈..≈..+
.....####..###)#{{..≈..≈..+
.. .........)..)@#.)≈≈≈...#
.....###.###.####........#
##.#..###.###.# #).......#
....)......##)# ####++####
.........##.# #.†...#.#...
#.<..........
##.##.#.#...## ... ..(..##


You could see a jackal.

Vanquished Creatures
  3 gnolls
  3 adders (D:2)
  2 dart slugs (D:2)
  8 orcs (D:3)
  2 ball pythons (D:1)
  7 endoplasms
  2 giant cockroaches
  4 hobgoblins
  3 jackals (D:3)
  A bat (D:2)
  2 frilled lizards (D:1)
  A kobold (D:1)
  5 rats (D:1)
43 creatures vanquished.

Vanquished Creatures (others)
  2 demonic plants (D:2)
  5 fungi (D:2)
  5 plants (D:2)
  2 withered plants (D:2)
14 creatures vanquished.

Grand Total: 57 creatures vanquished

Notes
Turn   | Place    | Note
-------+----------+-------------------------------------------
     0 | D:1      | ReploidZero the Vine Stalker Fighter began the quest for
                  | the Orb.
     0 | D:1      | Reached XP level 1. HP: 11/11 MP: 2/2
   201 | D:1      | Reached XP level 2. HP: 11/16 MP: 3/3
   405 | D:1      | Found Baffoug's Assorted Antiques.
   942 | D:2      | Reached XP level 3. HP: 20/20 MP: 4/4
  1096 | D:2      | Found a faded altar of an unknown god.
  1695 | D:2      | Gained mutation: Your natural rate of healing is unusually
                  | fast. [Vine Stalker growth]
  1695 | D:2      | Reached XP level 4. HP: 12/24 MP: 2/5
  1904 | D:3      | HP: 1/24 [something (3)]
  1905 | D:3      | Slain by an orc wizard

Illustrated notes

Levels and vault maps discovered:
D:1:      erik_arrival_triangle_large, layout_basic, serial_shops,
          nicolae_shop_statue_plus, hangedman_feature_mirror,
          minmay_split_cup_small
D:2:      layout_basic, shapermc_ecumenical_altar_gd
D:3:      layout_loops_ring, serial_park_tiny_2, minmay_misc_feat_rugged,
          kennysheep_generic_room_7, uniq_ijyb

Skill      XL: |  1  2  3  4 |
---------------+-------------+-----
Maces & Flails | 2 |  2.6
Fighting       | 3 |  3.3
Shields        | 3 |  3.3
Armour         | 3 |  3.1

Action                   |  1- 3 |  4- 6 || total
-------------------------+-------+-------++-------
Melee: Flail             |    65 |    39 ||   104
       Bite              |    14 |    10 ||    24
  Use: Potion            |       |     1 ||     1
Armor: Scale mail        |    33 |    18 ||    51
Dodge: Dodged            |    35 |    20 ||    55
Block: Buckler           |    15 |    11 ||    26

Table legend: (Time is in decaauts)
 A = Elapsed time spent in this place.
 B = Non-inter-level travel time spent in this place.
 C = Inter-level travel time spent in this place.
 D = Time resting spent in this place.
 E = Time spent auto-exploring this place.
 F = Levels seen in this place.
 G = Mean time per level.
                   A        B        C        D        E       F      G
               +--------+--------+--------+--------+--------+-----+--------+
         Total |   1941 |   1869 |     72 |      0 |   1490 |   3 |  647.0 |
       Dungeon |   1941 |   1869 |     72 |      0 |   1490 |   3 |  647.0 |
               +--------+--------+--------+--------+--------+-----+--------+

Top non-repeatable levels by time:
     D:2: 1096 daAuts
     D:1: 699 daAuts
     D:3: 145 daAuts
